 Dungeon Crawl Stone Soup version 0.25-b1-37-g2669288c55 (webtiles) character file.

Game seed: 6009228819387228792

2172 Aviak the Blocker (level 9, -2/81 HPs)
             Began as a Deep Dwarf Fighter on June 5, 2020.
             Was a Believer of Makhleb.
             Slain by a slime creature (6 damage)
             ... on level 10 of the Dungeon.
             The game lasted 00:05:49 (4295 turns).

Aviak the Blocker (Deep Dwarf Fighter)              Turns: 4295, Time: 00:05:49

Health: -2/81      AC: 14    Str: 23    XL:     9   Next: 11%
Magic:  7/7        EV:  3    Int:  9    God:    Makhleb [**....]
Gold:   341        SH: 17    Dex: 12    Spells: 8/8 levels left

rFire    . . .     SeeInvis .   M - +0 war axe (freeze)
rCold    . . .     Gourm    .   s - +0 tower shield
rNeg     . . .     Faith    .   I - +0 plate armour
rPois    .         Spirit   .   (no helmet)
rElec    .         Reflect  .   H - +0 cloak
rCorr    .         Harm     .   (no gloves)
MR       +....                  (no boots)
Stlth    ..........             (no amulet)
HPRegen  0.00/turn              l - ring of stealth
MPRegen  0.10/turn              (no ring)

@: mighty, non-regenerating, lightly drained
A: damage resistance, heal wounds, sense surroundings 2, no regeneration
a: Heal Wounds, Minor Destruction, Renounce Religion


You were on level 10 of the Dungeon.
You worshipped Makhleb.
Makhleb was pleased with you.
You were not hungry.

You visited 1 branch of the dungeon, and saw 8 of its levels.

You collected 341 gold pieces.

Inventory:

Hand Weapons
 a - a +0 war axe
 M - a +0 war axe of freezing (weapon)
Armour
 b - a +0 scale mail
 c - a +0 kite shield
 s - a +0 tower shield (worn)
 H - a +0 cloak (worn)
 I - a +0 plate armour (worn)
Jewellery
 l - a ring of stealth (left hand)
 w - an uncursed ring of ice
 C - a cursed amulet of inaccuracy {unknown}
 J - an uncursed amulet of faith {unknown}
 L - a +6 ring of strength {unknown}
Wands
 o - a wand of clouds (7)
 E - a wand of flame (15)
Scrolls
 e - 4 scrolls of remove curse {unknown}
 g - 12 scrolls of identify {unknown}
 h - 4 scrolls of blinking {unknown}
 j - a scroll of fear {unknown}
 k - 4 scrolls of fog {unknown}
 t - a scroll of enchant weapon {unknown}
 u - 2 scrolls of noise {unknown}
 v - 2 scrolls of enchant armour {unknown}
 x - a scroll of immolation {unknown}
 y - 2 scrolls of random uselessness {unknown}
 z - 2 scrolls of magic mapping {unknown}
 A - a scroll of amnesia {unknown}
 G - a scroll of teleportation {unknown}
Potions
 i - 4 potions of curing {unknown}
 m - 2 potions of flight {unknown}
 n - a potion of degeneration {unknown}
 p - 3 potions of heal wounds
 q - 2 potions of lignification {unknown}
 r - a potion of invisibility {unknown}
 B - 2 potions of ambrosia {unknown}
 D - 2 potions of haste {unknown}
 F - a potion of magic {unknown}
Comestibles
 f - 11 rations


   Skills:
 + Level 5.3(5.0) Fighting
 + Level 5.9(5.6) Axes
 + Level 6.3(6.1) Armour
 * Level 8.4(8.1) Shields
 + Level 5.7(5.4) Invocations


You had 8 spell levels left.
You didn't know any spells.
Your spell library contained the following spells:

 Spells                   Type           Power        Failure   Level  Hunger
 Animate Skeleton         Necr           N/A          100%        1    ##.....
 Corona                   Hex            #......      100%        1    ##.....
 Pain                     Necr           #...         100%        1    ##.....
 Ensorcelled Hibernation  Hex/Ice        #.....       100%        2    ###....
 Confusing Touch          Hex            #.......     100%        3    ####...
 Dazzling Flash           Conj/Hex       #.....       100%        3    ####...
 Tukima's Dance           Hex            #.......     100%        3    ####...
 Vampiric Draining        Necr           #.........   100%        3    ####...
 Animate Dead             Necr           N/A          100%        4    #####..
 Agony                    Necr           #.......     100%        5    ######.


Dungeon Overview and Level Annotations

Branches:
Dungeon (7/15)             Temple (0/1) D:6

Altars:
Cheibriados
Makhleb
Nemelex Xobeh
Qazlal
Ru
Trog
The Shining One


Innate Abilities, Weirdness & Mutations

You are resistant to damage.
You can heal yourself by infusing magical energy.
You passively map the area around you.
You do not regenerate.


Message History

You feel much better. The large slime creature hits you.
The slime creature hits you.
You block the large slime creature's attack.
You slash the large slime creature! You freeze the large slime creature!
The large slime creature is moderately wounded.
You slash the large slime creature! You freeze the large slime creature.
You hit the slime creature. You freeze the slime creature.
You block the large slime creature's attack.
You block the slime creature's attack. The large slime creature hits you!!
* * * LOW HITPOINT WARNING * * *
Unknown command.
Your magical essence is drained by the effort!
You feel much better.
You block the large slime creature's attack.
You block the slime creature's attack.
You block the large slime creature's attack.
You fail to use your ability.
The large slime creature hits you!!
* * * LOW HITPOINT WARNING * * *
The slime creature hits you!
You die...

#......# ,
#......# , *
#......# ,
*###*
*#......# * *
#.=. *#......#
*
#....##......#
,,
.......F.....#
, *#JJ....# ,
, #@J....# ,,
, , , ########
* , * * * * ,
, ** , ** * ,
** * * , , , ,


You could see 2 large slime creatures, a slime creature and a bullfrog.

Vanquished Creatures
  Harold (D:7)
  An ice beast (D:5)
  3 ogres
  2 bullfrogs
  A scorpion (D:6)
  4 wights
  A howler monkey (D:7)
  2 centaur zombies
  4 orc priests
  4 hounds
  A jelly (D:7)
  5 orc wizards
  An iguana (D:3)
  2 worker ants (D:6)
  A worker ant zombie (D:5)
  11 adders
  2 oozes
  2 adder skeletons
  2 worms
  2 dart slugs
  6 leopard geckos
  14 orcs
  A ball python (D:2)
  6 giant cockroaches
  3 goblins (D:1)
  5 hobgoblins
  4 jackals (D:3)
  6 quokkas
  6 bats
  3 frilled lizards
  A jackal zombie (D:5)
  8 kobolds
  A leopard gecko zombie (D:7)
  A quokka zombie (D:6)
  5 rats
122 creatures vanquished.

Notes
Turn   | Place    | Note
-------+----------+-------------------------------------------
     0 | D:1      | Aviak the Deep Dwarf Fighter began the quest for the Orb.
     0 | D:1      | Reached XP level 1. HP: 20/20 MP: 1/1
   201 | D:1      | Reached XP level 2. HP: 21/27 MP: 2/2
   809 | D:2      | Reached XP level 3. HP: 22/34 MP: 3/3
  1112 | D:2      | Reached skill level 4 in Shields
  1112 | D:2      | Reached XP level 4. HP: 16/42 MP: 4/4
  1384 | D:2      | Found a stormy altar of Qazlal.
  1513 | D:3      | Found a burning altar of Makhleb.
  1513 | D:3      | Found a sparkling altar of Nemelex Xobeh.
  1517 | D:3      | Became a worshipper of Makhleb the Destroyer
  1659 | D:3      | Found a bloodstained altar of Trog.
  2035 | D:4      | Reached XP level 5. HP: 39/49 MP: 4/4
  2092 | D:4      | Noticed an ogre
  2101 | D:4      | Killed an ogre
  2101 | D:4      | Reached skill level 1 in Invocations
  2122 | D:4      | Noticed an ogre
  2131 | D:4      | Killed an ogre
  2131 | D:4      | Reached skill level 5 in Shields
  2131 | D:4      | Reached XP level 6. HP: 49/57 MP: 6/6
  2601 | D:5      | Entered Level 5 of the Dungeon
  2607 | D:5      | Found a snail-covered altar of Cheibriados.
  2621 | D:5      | Noticed an ice beast
  2634 | D:5      | Killed an ice beast
  2715 | D:5      | Found a glowing golden altar of the Shining One.
  2771 | D:5      | Reached XP level 7. HP: 51/63 MP: 7/7
  2776 | D:5      | Reached * piety under Makhleb
  3081 | D:5      | Found a sacrificial altar of Ru.
  3239 | D:5      | Reached skill level 5 in Armour
  3239 | D:5      | Reached skill level 6 in Shields
  3543 | D:6      | Found a staircase to the Ecumenical Temple.
  3907 | D:7      | Noticed Harold
  3939 | D:7      | Reached XP level 8. HP: 44/73 MP: 6/8
  3960 | D:7      | Killed Harold
  3960 | D:7      | Reached skill level 5 in Fighting
  3960 | D:7      | Reached skill level 5 in Axes
  3960 | D:7      | Reached skill level 8 in Shields
  3960 | D:7      | Reached skill level 5 in Invocations
  4016 | D:6      | Gained mutation: You passively map the area around you.
                  | [Deep Dwarf growth]
  4016 | D:6      | Reached XP level 9. HP: 30/81 MP: 8/8
  4033 | D:6      | Reached ** piety under Makhleb
  4280 | D:7      | You fall into a shaft and drop 3 floors!
  4280 | D:10     | Entered Level 10 of the Dungeon
  4295 | D:10     | HP: 4/81 [large slime creature (22)]
  4295 | D:10     | Slain by a slime creature

Illustrated notes

Levels and vault maps discovered:
D:1:      shiori_shiawase, layout_basic
D:2:      layout_basic, marbit_many_paths
D:3:      layout_basic, lightli_temple_of_fire,
          gammafunk_temple_overflow_elements
D:4:      layout_basic, first_ration
D:5:      layout_rooms, tso_metal_star, nicolae_ru_the_path_less_chosen,
          lemuel_round_altar
D:6:      layout_basic, temple_statues
D:7:      layout_rooms, grunt_temple_overflow_growth_and_decay, uniq_harold
D:10:     layout_rooms, uniq_fannar

Skill      XL: |  1  2  3  4  5  6  7  8 |
---------------+-------------------------+-----
Fighting       | 3 4 5 |  5.3
Axes           | 3 4 5 |  5.9
Shields        | 4 5 6 8 |  8.4
Armour         | 4 5 6 |  6.3
Invocations    | 2 4 5 |  5.7

Action                   |  1- 3 |  4- 6 |  7- 9 || total
-------------------------+-------+-------+-------++-------
Melee: War axe           |   127 |   143 |   238 ||   508
 Abil: Heal Wounds       |       |     3 |    16 ||    19
  Use: Potion            |       |       |     2 ||     2
  Eat: Chunk             |       |     6 |     4 ||    10
       Ration            |       |       |     1 ||     1
Armor: Scale mail        |    52 |    79 |    13 ||   144
       Plate armour      |       |       |   152 ||   152
Dodge: Dodged            |    31 |    33 |    32 ||    96
Block: Kite shield       |    65 |       |       ||    65
       Tower shield      |    25 |   158 |   283 ||   466
